AoeStats
← ELPURE

Arabia

508008117Analyzed
1v1 RM · 11d ago on Sep 20, 2026· 47m 4s· 2 players
Game mode
Random Map
Map size
Tiny (2 player)
Population
200
Speed
Normal
Resources
Standard
Victory
Conquest
Starting age
Dark Age
Ending age
Imperial Age
RankedLock teamsTeams togetherTeam positionsShared explorationLock speedFull tech treeHidden civsTurbo modeCheats
Victory
Defeat
🇺🇸 Georgians · United States
1925
+17
🇨🇳 Japanese · China
1939
-17
ELPURE
6:12 Loom
8:37 Feudal Age
16:36 Horse Collar
19:09 Wheelbarrow
30:46 Castle Age
28:58 Fletching
28:58 Double-Bit Axe
29:11 Fletching
30:29 Bloodlines
30:21 Padded Archer Armor
31:27 Bodkin Arrow
34:51 Bow Saw
39:08 Fervor
44:07 Imperial Age
42:21 Scale Barding Armor
42:26 Forging
45:18 Chain Barding Armor
47:26 Plate Barding Armor
新竹
6:03 Loom
8:55 Feudal Age
8:58 Man-at-Arms
26:28 Double-Bit Axe
31:01 Castle Age
31:03 Bloodlines
30:59 Scale Barding Armor
30:52 Gold Mining
30:47 Horse Collar
31:37 Forging
35:18 Bow Saw
34:55 Town Watch
37:19 Chain Barding Armor
37:50 Wheelbarrow
38:17 Husbandry
39:31 Fletching
41:02 Bodkin Arrow
41:34 Scale Mail Armor
43:41 Chain Mail Armor
46:52 Iron Casting
Connection lost

Rejoining the realm…

Still unreachable

The connection could not be restored.

Session expired

The server has moved on; the page needs a fresh start.